 Dungeon Crawl Stone Soup version 0.32-a0-630-g46d191b0ed (webtiles) character file.

Game seed: 9513043788640761934

89 Dittersdorf the Trooper (level 4, -1/29 HPs)
             Began as a Gargoyle Fighter on Mar 6, 2024.
             Slain by an orc priest
             ... wielding a +0 mace
              (3 damage)
             ... on level 2 of the Dungeon.
             The game lasted 00:01:53 (1762 turns).

Dittersdorf the Trooper (Gargoyle Fighter)          Turns: 1762, Time: 00:01:53

Health: -1/29      AC: 11    Str: 21    XL:     4   Next: 55%
Magic:  4/4        EV:  9    Int:  9    God:
Gold:   105        SH:  4    Dex:  9    Spells: 3/3 levels left

rFire   . . .        a - +0 flail
rCold   . . .        c - +0 buckler
rNeg    + . .        b - +0 scale mail
rPois   ∞            g - +0 helmet
rElec   +            (no cloak)
rCorr   .            (no gloves)
SInv    .            (no boots)
Will    .....        (no amulet) Stlth
                     e - ring of wizardry
HPRegen 0.24/turn    (no ring)
MPRegen 0.09/turn

%: wizardry (x1)
@: no status effects
A: sickness immunity, AC +3, negative energy resistance 1, electricity
resistance, torment resistance 1, petrification resistance
a: Convert to Beogh


You were on level 2 of the Dungeon.
You visited 1 branch of the dungeon, and saw 3 of its levels.

You collected 105 gold pieces.

Inventory:

Hand Weapons
 a - a +0 flail (weapon)
Armour
 b - a +0 scale mail (worn)
 c - a +0 buckler (worn)
 g - a +0 helmet (worn)
 m - a +0 plate armour
Jewellery
 e - a ring of wizardry (left hand)
 n - a +6 ring of intelligence
Scrolls
 f - a scroll of vulnerability {unknown}
 i - 3 scrolls of enchant armour {unknown}
 j - 4 scrolls of identify {unknown}
 k - a scroll of amnesia {unknown}
Potions
 d - a potion of might
 h - a potion of magic {unknown}
 l - a potion of brilliance {unknown}
 o - a potion of curing {unknown}


   Skills:
 + Level 4.0 Fighting
 + Level 2.8 Maces & Flails
 + Level 4.0 Armour
 + Level 4.0 Shields


You had 3 spell levels left.
You didn't know any spells.
Your spell library contained the following spells:

 Spells                   Type           Power      Damage    Failure   Level
 Necrotise                Necr           0%         1d4       45%         1
 Fugue of the Fallen      Necr           0%         N/A       80%         3
 Ozocubu's Armour         Ice            0%         N/A       80%         3
 Vampiric Draining        Necr           0%         2d6       80%         3
 Manifold Assault         Tloc           0%         N/A       99%         4
 Martyr's Knell           Necr/Summ      0%         N/A       99%         4
 Curse of Agony           Necr           0%         N/A       100%        5


Dungeon Overview and Level Annotations

Branches:
Dungeon (3/15)

Altars:

Shops:
D:1 :


Innate Abilities, Weirdness & Mutations

You are immune to sickness and miasma.
Your stone body is resilient. (AC +3)
You are immune to poison.
You resist negative energy. (rN+)
You are resistant to electric shocks. (rElec)
You are resistant to unholy torment.
You are immune to petrification.


Message History

The orc priest mumbles some strange prayers to Beogh against you.
Beogh smites you!
There is a stone staircase leading up here.
You climb upwards.
There is a stone staircase leading down here.
You start resting.
HP restored.
You climb downwards.
The ball python bites you but does no damage.
The ball python grabs you. The ball python constricts you.
The orc priest miscasts a cantrip.
The orc priest looks encouraged for a moment.
You block the ball python's attack. The ball python constricts you.
There is a stone staircase leading up here.
The ball python's grasp on you weakens, but your attempt to escape fails.
The ball python bites you but does no damage.
The ball python constricts you. The orc priest hits you with a +0 mace.
You escape the ball python's grasp.
The orc priest mumbles some strange prayers to Beogh against you.
Beogh smites you!
The ball python bites you but does no damage.
You climb upwards.
There is a stone staircase leading down here.
You barely miss the orc priest.
The orc priest threatens, "Beogh's wrath is as vast as their mercy.
Make your choice!"
The ball python bites you but does no damage.
The ball python misses you.
The orc priest mumbles some strange prayers to Beogh against you.
Beogh smites you!
* * * LOW HITPOINT WARNING * * *
You sock the orc priest!
The orc priest is severely wounded.
The ball python bites you but does no damage.
You block the ball python's attack.
The orc priest begins to cast a cantrip, but forgets the words!
You block the ball python's attack. The ball python closely misses you.
You barely miss the orc priest.
The orc priest is severely wounded.
The orc priest hits you with a +0 mace.
You die...

#####.####.##....########......#.
# #.# #.#..............####.#. #
#.# #.#.#.#.#############.#. #
#.# ##>..##.#####...........
#.####.#.#.#.......######..##
#........##..####### #..##
######.###.#.# #....
##.#.##S############.###
##.###@o............# ###
################


You could see an orc priest and a ball python.

Vanquished Creatures
  3 adders (D:2)
  A dart slug (D:1)
  2 orcs (D:2)
  5 endoplasms
  2 giant cockroaches (D:1)
  6 goblins
  4 hobgoblins
  6 jackals (D:1)
  5 quokkas
  2 ball pythons (D:1)
  4 bats
  2 frilled lizards
  6 kobolds
  4 rats
52 creatures vanquished.

Notes
Turn   | Place    | Note
-------+----------+-------------------------------------------
     0 | D:1      | Dittersdorf the Gargoyle Fighter began the quest for the
                  | Orb.
     0 | D:1      | Reached XP level 1. HP: 14/14 MP: 1/1
   103 | D:1      | Found Rufoczon's Book Shop.
   235 | D:1      | Reached XP level 2. HP: 9/19 MP: 2/2
   379 | D:1      | Reached XP level 3. HP: 23/23 MP: 3/3
   960 | D:2      | Reached XP level 4. HP: 24/29 MP: 4/4
  1206 | D:2      | Identified the +4 whip of the Living Dead {protect, Dex+3
                  | SInv Stlth+}
  1760 | D:2      | HP: 1/29 [orc priest/divine providence (11)]
  1762 | D:2      | Slain by an orc priest

Illustrated notes

Levels and vault maps discovered:
D:1:      dpeg_arrival_tiny_a, layout_basic, serial_shops, shop
D:2:      layout_loops_ring
D:3:      cheibrodos_greedy_goblins, layout_basic, chequers_decorated_corner,
          minmay_misc_feat_diagonals, minmay_increasing_density

Skill      XL: |  1  2  3  4 |
---------------+-------------+-----
Fighting       | 4 |  4.0
Shields        | 4 |  4.0
Armour         | 4 |  4.0
Maces & Flails | |  2.8

Action                     |  1- 3 |  4- 6 || total
---------------------------+-------+-------++-------
  Melee: Flail             |   148 |    48 ||   196
 Armour: Scale mail        |   138 |    39 ||   177
  Dodge: Dodged            |   103 |    26 ||   129
  Block: Buckler           |    49 |    16 ||    65

Table legend: (Time is in decaauts)
 A = Elapsed time spent in this place.
 B = Non-inter-level travel time spent in this place.
 C = Inter-level travel time spent in this place.
 D = Time resting spent in this place.
 E = Time spent auto-exploring this place.
 F = Levels seen in this place.
 G = Mean time per level.
                   A        B        C        D        E       F      G
               +--------+--------+--------+--------+--------+-----+--------+
         Total |   1825 |   1758 |     67 |    108 |   1198 |   3 |  608.3 |
       Dungeon |   1825 |   1758 |     67 |    108 |   1198 |   3 |  608.3 |
               +--------+--------+--------+--------+--------+-----+--------+

Top non-repeatable levels by time:
     D:2: 939 daAuts
     D:1: 870 daAuts
     D:3: 15 daAuts
